AoeStats
← Axiss134

Northern Isles

510879552Analyzed
1v1 RM · 16h ago on Oct 2, 2026· 54m 53s· 2 players
Game mode
Random Map
Map size
Tiny (2 player)
Population
200
Speed
Normal
Resources
Standard
Victory
Conquest
Starting age
Dark Age
Ending age
Imperial Age
RankedLock teamsTeams togetherTeam positionsShared explorationLock speedFull tech treeHidden civsTurbo modeCheats
Victory
Defeat
🇫🇷 Franks · France
618
+17
🇦🇷 Portuguese · Argentina
645
-17
Axiss134
6:11 Loom
6:15 Loom
10:10 Feudal Age
10:40 Double-Bit Axe
15:46 Forging
21:12 Wheelbarrow
27:24 Castle Age
29:17 Husbandry
36:49 Imperial Age
34:54 Light Cavalry
40:19 Iron Casting
39:44 Scale Mail Armor
39:50 Scale Barding Armor
45:53 Chemistry
45:22 Cavalier
47:40 Hand Cart
47:11 Town Watch
47:18 Paladin
53:25 Blast Furnace
52:40 Chain Mail Armor
52:46 Chain Barding Armor
Chimi4173
0:26 Loom
11:24 Feudal Age
18:36 Castle Age
19:04 Padded Archer Armor
20:21 Double-Bit Axe
20:19 Horse Collar
30:06 Pikeman
31:57 Wheelbarrow
33:39 Forging
33:30 Scale Mail Armor
37:51 Leather Archer Armor
37:26 Fletching
43:20 Imperial Age
42:05 Gold Mining
42:09 Stone Mining
46:20 Bow Saw
47:12 Conscription
Connection lost

Rejoining the realm…

Still unreachable

The connection could not be restored.

Session expired

The server has moved on; the page needs a fresh start.